 Dungeon Crawl Stone Soup version 0.19.4-9-g45fd643 (console) character file.

1136 lanroth the Slasher (level 8, -5/58 HPs)
             Began as a Human Gladiator on Feb 16, 2017.
             Was a Believer of Fedhas.
             Killed from afar by an electric eel (14 damage)
             ... with a bolt of electricity
             ... on level 6 of the Dungeon.
             The game lasted 00:43:27 (5979 turns).

lanroth the Slasher (Human Gladiator)               Turns: 5979, Time: 00:43:28

Health: -5/58      AC: 12    Str: 17    XL:     8   Next: 63%
Magic:  8/8        EV:  9    Int:  8    God:    Fedhas [**....]
Gold:   228        SH:  0    Dex: 15    Spells: 0 memorised, 7 levels left

rFire  + . .     SeeInvis .     I - +5 long sword (protect)
rCold  x . .     Gourm    .     B - +0 chain mail
rNeg   . . .     Faith    .     (no shield)
rPois  .         Spirit   .     c - +0 helmet
rElec  .         Reflect  .     (no cloak)
rCorr  .         Harm     .     s - +1 pair of gloves
MR     .....                    (no boots)
Stlth  ..........               (no amulet)
                                h - ring of flight
                                A - ring of fire

@: no status effects
A: no striking features
a: Fungal Bloom, Evolution, Sunlight, Renounce Religion, Evoke Flight


You were on level 6 of the Dungeon.
You worshipped Fedhas.
Fedhas was pleased with you.
You were not hungry.

You visited 1 branch of the dungeon, and saw 6 of its levels.

You collected 228 gold pieces.

Inventory:

Hand Weapons
 e - a +4 flail
 l - a +2 dagger of flaming
 m - a +0 hunting sling
 y - a +0 dire flail
 D - a +0 blowgun
 E - a +1 mace of protection
 H - a +2 short sword of freezing
 I - a +5 long sword of protection (weapon)
Missiles
 d - 44 poisoned needles
 k - 102 stones (quivered)
 r - 114 sling bullets
 v - 71 arrows
 z - 6 needles of confusion
 K - 43 bolts
 X - 2 javelins
 Z - 3 throwing nets
Armour
 c - a +0 helmet (worn)
 j - a +0 pair of gloves
 n - a +0 leather armour of fire resistance
 s - a +1 pair of gloves (worn)
 B - a +0 chain mail (worn)
Jewellery
 g - an uncursed ring of wizardry
 h - a ring of flight (right hand)
 A - a ring of fire (left hand)
Wands
 T - a wand of flame (34/48)
Scrolls
 a - a scroll of enchant weapon
 b - a scroll of immolation {unknown}
 o - 6 scrolls of identify
 q - 6 scrolls of teleportation
 u - a scroll of noise
 w - 2 scrolls of remove curse
 x - a scroll of fog
 C - a scroll of enchant armour {unknown}
 J - a scroll of recharging
Potions
 i - a potion of flight
 G - 3 potions of lignification
 L - a potion of berserk rage
 P - 2 potions of agility
Comestibles
 f - 2 bread rations
 p - 5 meat rations
 t - a slice of pizza


   Skills:
 + Level 3.3 Fighting
 + Level 1.4(3.5) Short Blades
 + Level 5.1(5.2) Long Blades
   Level 3.8(4.0) Axes
 + Level 1.5(2.8) Maces & Flails
 + Level 4.6 Throwing
 + Level 3.8 Armour
 + Level 3.9 Dodging
 + Level 1.3 Stealth


You had 7 spell levels left.
You didn't know any spells.

Dungeon Overview and Level Annotations

Branches:
Dungeon (6/15)
 Temple: D:4-7

Altars:
Ashenzari
Cheibriados
Elyvilon
Fedhas
Gozag
Kikubaaqudgha
Nemelex Xobeh
Okawaru
Ru
Uskayaw
Xom
Zin


Message History

The bolt of electricity hits you! x2
The electric eel shoots out a bolt of lightning at you!
The bolt of electricity hits the plant.
The bolt of electricity misses you. The bolt of electricity hits you!
The electric eel shoots out a bolt of lightning at you!
The bolt of electricity hits the plant.
The bolt of electricity hits you!
* * * LOW HITPOINT WARNING * * *
The bolt of electricity misses you.
You feel much better.
The electric eel shoots out a bolt of lightning at you!
The bolt of electricity hits the plant.
The bolt of electricity hits you! The bolt of electricity misses you.
The electric eel shoots out a bolt of lightning at you!
The bolt of electricity hits you!
Found a beef jerky.
The electric eel shoots out a bolt of lightning at you!
The bolt of electricity hits the plant.
The bolt of electricity hits you! x2
* * * LOW HITPOINT WARNING * * *
The electric eel shoots out a bolt of lightning at you!
The bolt of electricity hits you!
You die...
Fedhas appreciates your contribution to the ecosystem.

≈.P.#.# ≈≈.....##
≈≈P≈...%# ≈≈≈.P...#
≈≈≈≈≈...# ≈≈≈≈P≈..#
≈≈≈≈≈...# #...≈≈≈≈≈≈.@##
..≈≈≈≈≈≈≈...#
.##.≈P≈≈≈≈....#
....≈.≈≈≈≈≈P..#
....≈≈≈≈≈;..# .
#..≈≈≈;P...# #.
#..≈≈≈≈≈≈..# #..
#..≈P≈≈≈...#
#...###..≈≈≈....#
#.....≈.≈≈P..##
#.#.##..≈P≈≈≈...#
#.#.###.≈≈≈≈....# #...#
#.≈≈≈≈≈≈..# ...#
#.≈≈≈≈≈≈..# ..#
#.≈≈≈≈≈≈..# #.#
#.≈≈≈≈≈≈..#
#.###..≈≈≈≈≈..#
#..)...P≈≈≈...# #
#.##..P≈P≈≈≈..# .## #
#.###...≈≈≈P..# ..#.
######.# #...≈≈≈...#
#.####......# #.≈.≈≈≈#..#
#.......#######.≈#≈≈≈#..#
#..P.............#≈≈≈#..#
#.÷P....######...##≈≈#..#
#.#.##.## ##### ≈≈#..#
#############.#.##.#
≈≈####
.......PPPP...#.##.. ##
.##############......
########


You could see 2 electric eels.

Vanquished Creatures
  Duvessa (D:4)
  An ice beast (D:5)
  3 ogres
  Dowan (D:4)
  A crimson imp (D:5)
  A centaur skeleton (D:4)
  A hound (D:4)
  2 orc priests
  A bullfrog skeleton (D:4)
  4 orc wizards
  Terence (D:3)
  Natasha (thrice) (D:2)
  A worker ant (D:4)
  A mummy (D:5)
  8 adders
  An ooze (D:3)
  3 worms
  A dart slug (D:4)
  7 leopard geckos
  14 orcs
  15 giant cockroaches
  5 goblins
  9 hobgoblins
  6 jackals
  2 quokkas (D:4)
  6 bats
  5 frilled lizards
  8 kobolds
  A kobold zombie (D:5)
  3 orc zombies (D:5)
  A quokka zombie (D:5)
  7 rats
124 creatures vanquished.

Vanquished Creatures (others)
  66 toadstools
66 creatures vanquished.

Grand Total: 190 creatures vanquished

Notes
Turn   | Place    | Note
-------+----------+-------------------------------------------
     0 | D:1      | lanroth the Human Gladiator began the quest for the Orb.
     0 | D:1      | Reached XP level 1. HP: 16/16 MP: 1/1
    64 | D:1      | Reached XP level 2. HP: 10/22 MP: 2/2
   302 | D:1      | Reached XP level 3. HP: 22/27 MP: 3/3
   826 | D:2      | Noticed Natasha
   835 | D:2      | Killed Natasha
   835 | D:2      | Reached skill level 1 in Armour
   835 | D:2      | Reached XP level 4. HP: 23/34 MP: 4/4
   947 | D:2      | Noticed Natasha
   966 | D:2      | Killed Natasha
  1043 | D:2      | Found a blossoming altar of Fedhas.
  1084 | D:2      | Reached skill level 1 in Short Blades
  1084 | D:2      | Reached XP level 5. HP: 37/39 MP: 5/5
  1353 | D:2      | Noticed Natasha
  1364 | D:2      | Killed Natasha
  2004 | D:3      | Reached skill level 1 in Maces & Flails
  2004 | D:3      | Reached skill level 1 in Stealth
  2004 | D:3      | Reached XP level 6. HP: 22/46 MP: 6/6
  2088 | D:3      | Noticed Terence
  2285 | D:2      | Became a worshipper of Fedhas Madash
  2307 | D:3      | Killed Terence
  2819 | D:3      | Found a glowing silver altar of Zin.
  2894 | D:3      | Reached * piety under Fedhas
  2916 | D:3      | Found a white marble altar of Elyvilon.
  3140 | D:4      | Noticed an ogre
  3150 | D:4      | Killed an ogre
  3150 | D:4      | Reached skill level 1 in Long Blades
  3150 | D:4      | Reached XP level 7. HP: 29/51 MP: 7/7
  3394 | D:4      | Found a hide-covered altar of Uskayaw.
  3459 | D:4      | Found an ancient bone altar of Kikubaaqudgha.
  3462 | D:4      | Found a sacrificial altar of Ru.
  3465 | D:4      | Found a shimmering altar of Xom.
  3468 | D:4      | Found an iron altar of Okawaru.
  3526 | D:4      | Reached skill level 2 in Long Blades
  3632 | D:4      | Found an opulent altar of Gozag.
  3632 | D:4      | Found a snail-covered altar of Cheibriados.
  3660 | D:4      | Noticed Duvessa
  3660 | D:4      | Noticed Dowan
  3687 | D:4      | Killed Duvessa
  3687 | D:4      | Reached skill level 3 in Long Blades
  3703 | D:4      | Killed Dowan
  4097 | D:3      | Reached XP level 8. HP: 27/58 MP: 8/8
  4314 | D:4      | Reached skill level 4 in Long Blades
  4449 | D:5      | Entered Level 5 of the Dungeon
  4632 | D:5      | Found a sparkling altar of Nemelex Xobeh.
  5216 | D:5      | Found a shattered altar of Ashenzari.
  5745 | D:6      | Reached ** piety under Fedhas
  5767 | D:6      | Reached skill level 5 in Long Blades
  5979 | D:6      | Killed from afar by an electric eel

Skill      XL: |  1  2  3  4  5  6  7  8 |
---------------+-------------------------+-----
Armour         | 1 2 3 |  3.8
Short Blades   | 1 |  1.4
Throwing       | 3 4 |  4.6
Maces & Flails | 1 |  1.5
Stealth        | 1 |  1.3
Long Blades    | 1 3 5 |  5.1
Fighting       | 3 |  3.3
Axes           | |  3.8
Dodging        | |  3.9

Action                   |  1- 3 |  4- 6 |  7- 9 || total
-------------------------+-------+-------+-------++-------
Melee: War axe           |    21 |       |       ||    21
       Dagger            |    35 |    10 |       ||    45
       Flail             |       |    37 |       ||    37
       Long sword        |       |    78 |   165 ||   243
       Mace              |       |    30 |       ||    30
Throw: Stone             |    54 |   106 |    74 ||   234
       Javelin           |       |       |     8 ||     8
Invok: Fungal Bloom      |       |    16 |    13 ||    29
  Use: Potion            |       |     4 |     5 ||     9
       Scroll            |       |       |    11 ||    11
 Stab: Sleeping          |       |     1 |       ||     1
  Eat: Chunk             |       |     4 |       ||     4
       Fruit             |       |     3 |       ||     3
       Bread ration      |       |     1 |     1 ||     2
       Royal jelly       |       |       |     1 ||     1
Armor: Leather armour    |    10 |    20 |       ||    30
       Skin              |       |    10 |       ||    10
       Chain mail        |       |    70 |    89 ||   159
Dodge: Dodged            |    33 |    82 |    70 ||   185
       Rpst.: Long sword |       |    11 |    15 ||    26
